A+ EAST
AUBURN DOUBLEDAYS @ GREENSBORO GRASSHOPPERS
07/17/2041
 
TOP OF THE 1ST
Auburn Doubledays batting - Pitching for Greensboro Grasshoppers : LHP Dan Horton
Pitching: LHP Dan Horton
Batting: RHB Oscar Burton 0-0: Fly out, F8 (Flyball, 8LM, EV 80.0 MPH)
Batting: RHB Alex Levington 0-0: Foul Ball, location: 5DF
0-1: Called Strike
0-2: Ball
1-2: Strikes out swinging
Batting: LHB Monte Moore 0-0: Ball
1-0: Ball
2-0: Ball
3-0: Called Strike
3-1: Foul Ball, location: 2F
3-2: Foul Ball, location: 2F
3-2: Strikes out swinging
Top of the 1st over - 0 runs, 0 hits, 0 errors, 0 left on base; Auburn 0 - Greensboro 0
BOTTOM OF THE 1ST
Greensboro Grasshoppers batting - Pitching for Auburn Doubledays : LHP Kevin Carr
Pitching: LHP Kevin Carr
Batting: RHB Wes MacMartin 0-0: Called Strike
0-1: Called Strike
0-2: Ball
1-2: DOUBLE (Line Drive, 89XD, EV 108.1 MPH)
Batting: RHB Derek Adams 0-0: DOUBLE (Flyball, 89D, EV 89.4 MPH)
Wes MacMartin scores
Batting: LHB Ben Walker 0-0: Foul Ball, location: 7LDF
0-1: Fly out, F5 (Popup, 5F, EV 64.4 MPH)
Batting: RHB António Páez 0-0: Ball
1-0: Fly out, F8 (Flyball, 8RM, EV 90.6 MPH)
Batting: SHB Bob Vélez 0-0: Swinging Strike
0-1: Ball
1-1: Called Strike
1-2: Strikes out swinging
Bottom of the 1st over - 1 run, 2 hits, 0 errors, 1 left on base; Auburn 0 - Greensboro 1
TOP OF THE 2ND
Auburn Doubledays batting - Pitching for Greensboro Grasshoppers : LHP Dan Horton
Batting: RHB Thad Bunch 0-0: SINGLE (Groundball, 34D, EV 95.0 MPH)
Batting: LHB Charlie Upton 0-0: Called Strike
0-1: Foul Ball, location: 23FF
0-2: Ball
1-2: Strikes out swinging
Batting: RHB Julián Martínez 0-0: Ball
1-0: Foul Ball, location: 7LMF
1-1: Ball
2-1: Foul Ball, location: 5F
2-2: Strikes out swinging
Batting: RHB Raúl Melgareho 0-0: Ball
1-0: Ball
2-0: Ball
3-0: Base on Balls
Thad Bunch to second
Batting: LHB David Urbina 0-0: Called Strike
0-1: Ball
1-1: Called Strike
1-2: Ball
2-2: Ball
3-2: SINGLE (Groundball, 6M, EV 103.1 MPH)
Thad Bunch to third
Raúl Melgareho to second
Thad Bunch scores
Raúl Melgareho to third
Batting: RHB Jeremy Scott 0-0: Ball
1-0: Called Strike
1-1: Ball
2-1: Called Strike
2-2: Strikes out swinging
Top of the 2nd over - 1 run, 2 hits, 0 errors, 2 left on base; Auburn 1 - Greensboro 1
BOTTOM OF THE 2ND
Greensboro Grasshoppers batting - Pitching for Auburn Doubledays : LHP Kevin Carr
Batting: RHB Pepe Bañuelos 0-0: Ball
1-0: SINGLE (Groundball, 6S, EV 70.6 MPH) (infield hit)
Batting: RHB Pancho Romano 0-0: Called Strike
0-1: Ball
1-1: Foul Ball, location: 9LMF
1-2: Ball
2-2: Foul Ball, location: 2F
2-2: Ball
3-2: Base on Balls
Pepe Bañuelos to second
Batting: RHB Luis Cuestas 0-0: Ball
1-0: Sac Bunt to P - play at third, runner OUT -> throw to first, DP!
Pancho Romano to second
Batting: LHB Carl Reader 0-0: Foul Ball, location: 2F
0-1: Ball
1-1: Ball
2-1: Ball
3-1: Base on Balls
Batting: RHB Wes MacMartin 0-0: Fielders Choice at 3rd, U5 (Groundball, 5, EV 86.3 MPH)
Bottom of the 2nd over - 0 runs, 1 hit, 0 errors, 1 left on base; Auburn 1 - Greensboro 1
TOP OF THE 3RD
Auburn Doubledays batting - Pitching for Greensboro Grasshoppers : LHP Dan Horton
Batting: RHB Oscar Burton 0-0: Ball
1-0: Called Strike
1-1: Ball
2-1: Foul Ball, location: 3SF
2-2: DOUBLE (Flyball, 89XD, EV 101.3 MPH)
Batting: RHB Alex Levington 0-0: Called Strike
0-1: Foul Ball, location: 3FF
0-2: Fly out, F6 (Popup, 6MS, EV 82.5 MPH)
Batting: LHB Monte Moore 0-0: Foul Ball, location: 2F
0-1: Foul Ball, location: 2F
0-2: Ball
1-2: Foul Ball, location: 3FF
1-2: Ball
2-2: Strikes out swinging
Batting: RHB Thad Bunch 0-0: Ball
1-0: Called Strike
1-1: Ball
2-1: Ball
3-1: Base on Balls
Batting: LHB Charlie Upton 0-0: Called Strike
0-1: Swinging Strike
0-2: Ball
1-2: Ball
2-2: Strikes out swinging
Top of the 3rd over - 0 runs, 1 hit, 0 errors, 2 left on base; Auburn 1 - Greensboro 1
BOTTOM OF THE 3RD
Greensboro Grasshoppers batting - Pitching for Auburn Doubledays : LHP Kevin Carr
Batting: RHB Derek Adams 0-0: Called Strike
0-1: Ball
1-1: Swinging Strike
1-2: Ball
2-2: Ball
3-2: Ground out 6-3 (Groundball, 6, EV 99.4 MPH)
Batting: LHB Ben Walker 0-0: Swinging Strike
0-1: Foul Ball, location: 5SF
0-2: Ball
1-2: Ball
2-2: Strikes out swinging
Batting: RHB António Páez 0-0: Ball
1-0: Ground out 5-3 (Groundball, 56, EV 85.6 MPH)
Bottom of the 3rd over - 0 runs, 0 hits, 0 errors, 0 left on base; Auburn 1 - Greensboro 1
TOP OF THE 4TH
Auburn Doubledays batting - Pitching for Greensboro Grasshoppers : LHP Dan Horton
Batting: RHB Julián Martínez 0-0: Called Strike
0-1: Swinging Strike
0-2: Strikes out swinging
Batting: RHB Raúl Melgareho 0-0: Ball
1-0: Foul Ball, location: 2F
1-1: Ball
2-1: Swinging Strike
2-2: Strikes out swinging
Batting: LHB David Urbina 0-0: Swinging Strike
0-1: Foul Ball, location: 7LSF
0-2: SINGLE (Groundball, 4MD, EV 98.1 MPH)
Batting: RHB Jeremy Scott 0-0: Called Strike
David Urbina is caught stealing 2nd base 2-4
Top of the 4th over - 0 runs, 1 hit, 0 errors, 0 left on base; Auburn 1 - Greensboro 1
BOTTOM OF THE 4TH
Greensboro Grasshoppers batting - Pitching for Auburn Doubledays : LHP Kevin Carr
Batting: SHB Bob Vélez 0-0: Ball
1-0: Foul Ball, location: 23FF
1-1: Foul Ball, location: 3SF
1-2: Foul Ball, location: 5F
1-2: Ball
2-2: SINGLE (Line Drive, 78S, EV 88.1 MPH)
Batting: RHB Pepe Bañuelos 0-0: Ball
1-0: Foul Ball, location: 9LMF
1-1: Foul Ball, location: 3SF
1-2: Ball
2-2: Fly out, F9 (Flyball, 89D, EV 106.3 MPH)
Batting: RHB Pancho Romano 0-0: Ball
1-0: Called Strike
1-1: Called Strike
1-2: SINGLE (Groundball, 4MD, EV 103.8 MPH)
Bob Vélez to second
Batting: RHB Luis Cuestas 0-0: Swinging Strike
0-1: Foul Ball, location: 5F
0-2: Ball
1-2: Fly out, F3 (Popup, 34, EV 72.5 MPH)
Batting: LHB Carl Reader 0-0: Foul Ball, location: 7LDF
0-1: Ball
1-1: Ball
2-1: SINGLE (Line Drive, 89S, EV 103.1 MPH)
Bob Vélez to third
Pancho Romano to second
Batting: RHB Wes MacMartin 0-0: Fly out, F7 (Flyball, 7D, EV 97.5 MPH)
Bottom of the 4th over - 0 runs, 3 hits, 0 errors, 3 left on base; Auburn 1 - Greensboro 1
TOP OF THE 5TH
Auburn Doubledays batting - Pitching for Greensboro Grasshoppers : LHP Dan Horton
Batting: RHB Jeremy Scott 0-0: Ball
1-0: Ball
2-0: SINGLE (Line Drive, 78S, EV 100.6 MPH)
Batting: RHB Oscar Burton 0-0: Bunted foul
0-1: Sac Bunt to 25 - play at first, batter OUT! 5-4
Jeremy Scott to second
Batting: RHB Alex Levington 0-0: Called Strike
0-1: Fly out, F8 (Flyball, 8LXD, EV 101.9 MPH)
Runner from 2nd tags up, SAFE at 3rd, no throw by CF
Batting: LHB Monte Moore 0-0: Ball
1-0: Swinging Strike
1-1: Called Strike
1-2: Ball
2-2: Strikes out swinging
Top of the 5th over - 0 runs, 1 hit, 0 errors, 1 left on base; Auburn 1 - Greensboro 1
BOTTOM OF THE 5TH
Greensboro Grasshoppers batting - Pitching for Auburn Doubledays : LHP Kevin Carr
Batting: RHB Derek Adams 0-0: Called Strike
0-1: Fly out, F9 (Flyball, 9D, EV 94.4 MPH)
Batting: LHB Ben Walker 0-0: Called Strike
0-1: Called Strike
0-2: Fly out, F7 (Line Drive, 7D, EV 95.0 MPH)
Batting: RHB António Páez 0-0: Foul Ball, location: 9LDF
0-1: Ball
1-1: DOUBLE (Groundball, 5L, EV 104.4 MPH)
Batting: SHB Bob Vélez 0-0: Ball
1-0: Ball
2-0: Ball
3-0: Called Strike
3-1: Foul Ball, location: 2F
3-2: Base on Balls
Pitching: RHP José Mata
Batting: RHB Pepe Bañuelos 0-0: Ball
1-0: Ball
2-0: Fly out, F9 (Flyball, 9D, EV 93.8 MPH)
Bottom of the 5th over - 0 runs, 1 hit, 0 errors, 2 left on base; Auburn 1 - Greensboro 1
TOP OF THE 6TH
Auburn Doubledays batting - Pitching for Greensboro Grasshoppers : LHP Dan Horton
Batting: RHB Thad Bunch 0-0: Ball
1-0: Ball
2-0: Ball
3-0: Base on Balls
Pitching: LHP Kevin Nelson
Batting: LHB Charlie Upton 0-0: Ball
1-0: Called Strike
1-1: Foul Ball, location: 7LSF
1-2: Strikes out swinging
Batting: RHB Julián Martínez 0-0: Called Strike
0-1: Foul Ball, location: 2F
0-2: Ball
1-2: Strikes out looking
Batting: RHB Raúl Melgareho 0-0: Called Strike
0-1: Ball
Thad Bunch is caught stealing 2nd base 2-4
Top of the 6th over - 0 runs, 0 hits, 0 errors, 0 left on base; Auburn 1 - Greensboro 1
BOTTOM OF THE 6TH
Greensboro Grasshoppers batting - Pitching for Auburn Doubledays : RHP José Mata
Batting: RHB Pancho Romano 0-0: Ball
1-0: Fly out, F9 (Flyball, 9, EV 91.9 MPH)
Batting: RHB Luis Cuestas 0-0: Called Strike
0-1: Ball
1-1: Foul Ball, location: 23FF
1-2: Fly out, F8 (Flyball, 8RD, EV 92.5 MPH)
Batting: LHB Carl Reader 0-0: Swinging Strike
0-1: Ball
1-1: Ball
2-1: SINGLE (Flyball, 5D, EV 96.9 MPH)
Batting: RHB Wes MacMartin 0-0: Foul Ball, location: 2F
0-1: Ball
1-1: DOUBLE (Flyball, 8LXD, EV 108.1 MPH)
Carl Reader to third
Runner from 3rd tries for Home, SAFE, no throw by CF
Batting: RHB Derek Adams 0-0: Swinging Strike
0-1: Fly out, F9 (Flyball, 9S, EV 90.6 MPH)
Bottom of the 6th over - 1 run, 2 hits, 0 errors, 1 left on base; Auburn 1 - Greensboro 2
TOP OF THE 7TH
Auburn Doubledays batting - Pitching for Greensboro Grasshoppers : LHP Kevin Nelson
Batting: RHB Raúl Melgareho 0-0: SOLO HOME RUN (Line Drive, 7LD, EV 93.8 MPH), Distance : 340 ft
Batting: LHB David Urbina 0-0: Ball
1-0: Called Strike
1-1: Foul Ball, location: 2F
1-2: Strikes out swinging, 2-3 out at first.
Batting: RHB Jeremy Scott 0-0: Foul Ball, location: 2F
0-1: Swinging Strike
0-2: Strikes out swinging
Batting: RHB Oscar Burton 0-0: Ball
1-0: Called Strike
1-1: Ball
2-1: Swinging Strike
2-2: Strikes out looking
Top of the 7th over - 1 run, 1 hit, 0 errors, 0 left on base; Auburn 2 - Greensboro 2
BOTTOM OF THE 7TH
Greensboro Grasshoppers batting - Pitching for Auburn Doubledays : RHP José Mata
Batting: LHB Ben Walker 0-0: Swinging Strike
0-1: Ball
1-1: Ball
2-1: Ball
3-1: Called Strike
3-2: Foul Ball, location: 7LDF
3-2: Base on Balls
Batting: RHB António Páez 0-0: SINGLE (Flyball, 8LM, EV 74.4 MPH)
Ben Walker to second
Batting: SHB Bob Vélez 0-0: Fielders Choice at 2nd, 1-6 (Groundball, 13S, EV 71.9 MPH)
Ben Walker to third
Batting: RHB Pepe Bañuelos 0-0: Ball
1-0: Grounds into double play, 3-6-3 (Groundball, 3, EV 88.8 MPH)
Bottom of the 7th over - 0 runs, 1 hit, 0 errors, 1 left on base; Auburn 2 - Greensboro 2
TOP OF THE 8TH
Auburn Doubledays batting - Pitching for Greensboro Grasshoppers : LHP Kevin Nelson
Batting: RHB Alex Levington 0-0: Fly out, F4 (Popup, 4S, EV 69.4 MPH)
Pinch Hitting: RHB Lou Stone 0-0: Called Strike
0-1: Foul Ball, location: 2F
0-2: Foul Ball, location: 9LMF
0-2: Strikes out swinging
Batting: RHB Thad Bunch 0-0: Foul Ball, location: 9LSF
0-1: Ball
1-1: Ball
2-1: Ball
3-1: Called Strike
3-2: Foul Ball, location: 23F
3-2: Strikes out swinging
Top of the 8th over - 0 runs, 0 hits, 0 errors, 0 left on base; Auburn 2 - Greensboro 2
BOTTOM OF THE 8TH
Greensboro Grasshoppers batting - Pitching for Auburn Doubledays : RHP José Mata
Now in CF: Raúl Melgareho
Now in RF: Lou Stone
Pinch Hitting: LHB Andre Vigil Jr. 0-0: Ball
1-0: Called Strike
1-1: Ball
2-1: Foul Ball, location: 7LMF
2-2: Ground out 6-3 (Groundball, 6MS, EV 83.8 MPH)
Pinch Hitting: SHB Curt Watson 0-0: Called Strike
0-1: Called Strike
0-2: Strikes out swinging
Batting: LHB Carl Reader 0-0: Called Strike
0-1: Ball
1-1: Foul Ball, location: 7LSF
1-2: Ball
2-2: Ball
3-2: Base on Balls
Pitching: RHP Darrell Lewis
Batting: RHB Wes MacMartin 0-0: Ball
1-0: 2-RUN HOME RUN (Flyball, 89XD, EV 106.9 MPH), Distance : 427 ft
Batting: RHB Derek Adams 0-0: Called Strike
0-1: Foul Ball, location: 25F
0-2: Ball
1-2: Fly out, F5 (Popup, 56, EV 74.4 MPH)
Bottom of the 8th over - 2 runs, 1 hit, 0 errors, 0 left on base; Auburn 2 - Greensboro 4
TOP OF THE 9TH
Auburn Doubledays batting - Pitching for Greensboro Grasshoppers : LHP Kevin Nelson
Pitching: LHP Rod Douglas
Now at C: Bonifacio Díaz
Now at 1B: Chris Parkinson
Now at 2B: Kevin Bauer
Now in LF: Luis Balzola
Now in CF: Andre Vigil Jr.
Now in RF: Steve Leach
Batting: LHB Charlie Upton 0-0: Foul Ball, location: 23FF
0-1: Foul Ball, location: 7LDF
0-2: Strikes out swinging
Batting: RHB Julián Martínez 0-0: Ball
1-0: Foul Ball, location: 23F
1-1: Foul Ball, location: 5FF
1-2: Strikes out swinging
Batting: RHB Raúl Melgareho 0-0: Foul Ball, location: 5FF
0-1: Ball
1-1: Foul Ball, location: 2F
1-2: Ball
2-2: Strikes out looking
Top of the 9th over - 0 runs, 0 hits, 0 errors, 0 left on base; Auburn 2 - Greensboro 4
Monday, April 1st , 2024 - OOTP Baseball 24.10 Build 82